 Dungeon Crawl Stone Soup version 0.30.1-4-g462c640d31 (webtiles) character file.

Game seed: 6024807422518057045

39 rvierbuc the Insei (level 3, -4/28 HPs)
             Began as a Gnoll Wanderer on Aug 21, 2023.
             Slain by Crazy Yiuf
             ... wielding a +4 quarterstaff of chaos
              (17 damage)
             ... on level 2 of the Dungeon.
             The game lasted 00:08:08 (1746 turns).

rvierbuc the Insei (Gnoll Wanderer)                 Turns: 1746, Time: 00:08:09

Health: -4/28      AC:  3    Str:  9    XL:     3   Next: 47%
Magic:  9/9        EV: 16    Int: 13    God:
Gold:   98         SH:  0    Dex: 13    Spells: 9/12 levels left

rFire   . . .        c - +0 short sword (venom)
rCold   . . .        (no shield)
rNeg    . . .        d - +0 robe
rPois   .            (no helmet)
rElec   .            k - +0 cloak
rCorr   .            (no gloves)
SInv    .            (no boots)
Will    .....        (no amulet)
Stlth   ++           i - +5 ring of evasion
HPRegen 0.24/turn    (no ring)
MPRegen 0.11/turn

%: no passive effects
@: no status effects
A: fangs 1, strong nose, distributed training
a: no special abilities


You were on level 2 of the Dungeon.
You visited 1 branch of the dungeon, and saw 2 of its levels.

You collected 98 gold pieces.

Inventory:

Hand Weapons
 c - a +0 short sword of venom (weapon)
Missiles
 m - 3 atropa-tipped darts
Armour
 d - a +0 robe (worn)
 k - a +0 cloak (worn)
Jewellery
 i - a +5 ring of evasion (left hand)
Scrolls
 b - a scroll of fog
 e - 2 scrolls of teleportation
 f - 2 scrolls of brand weapon {unknown}
 h - a scroll of immolation {unknown}
 j - a scroll of identify {unknown}
 n - a scroll of fear
 o - a scroll of poison {unknown}
Potions
 a - a potion of cancellation {unknown}
 g - a potion of heal wounds {unknown}
 l - a potion of attraction {unknown}
 p - a potion of curing


   Skills:
 + Level 2.6 Fighting
 + Level 0.9 Short Blades
 + Level 0.9 Long Blades
 + Level 0.9 Axes
 + Level 0.9 Maces & Flails
 + Level 0.9 Polearms
 + Level 0.9 Staves
 + Level 0.9 Ranged Weapons
 + Level 0.9 Throwing
 + Level 4.5 Armour
 + Level 0.9 Dodging
 + Level 0.9 Stealth
 + Level 0.9 Shields
 + Level 6.5 Unarmed Combat
 + Level 5.0 Spellcasting
 + Level 0.6 Conjurations
 + Level 0.6 Hexes
 + Level 0.6 Summonings
 + Level 0.6 Necromancy
 + Level 0.6 Translocations
 + Level 3.8 Transmutations
 + Level 0.6 Fire Magic
 + Level 0.6 Ice Magic
 + Level 0.6 Air Magic
 + Level 0.6 Earth Magic
 + Level 0.6 Poison Magic
 + Level 1.0 Invocations
 + Level 0.9 Evocations


You had 9 spell levels left.
You knew the following spells:

 Your Spells              Type           Power      Damage    Failure   Level
a - Sting                 Tmut/Pois      36%        1d4       8%          1
b - Wereblood             Tmut           13%        N/A       6%          2

Your spell library contained the following spells:

 Spells                   Type           Power      Damage    Failure   Level
 Necrotise                Necr           16%        1d4       14%         1
 Ignite Poison            Fire/Tmut/Pois 7%         N/A       28%         3
 Vampiric Draining        Necr           4%         2d6       41%         3
 Vhi's Electric Charge    Tloc/Air       8%         N/A       41%         3
 Agony                    Necr           4%         N/A       99%         5
 Arcjolt                  Conj/Air       2%         1d12      99%         5
 Plasma Beam              Fire/Air       2%         2x1d13    100%        6


Dungeon Overview and Level Annotations

Branches:
Dungeon (2/15)

Altars:

Annotations:
D:2 Crazy Yiuf


Innate Abilities, Weirdness & Mutations

You have very sharp teeth.
Your uncanny sense of smell can sniff out nearby items.
Your experience applies equally to all skills.


Message History

The hobgoblin barely misses you.
You hit the hobgoblin.
The hobgoblin looks as sick as possible!
The hobgoblin is severely wounded.
The hobgoblin hits you.
You hit the hobgoblin but do no damage.
The hobgoblin looks as sick as possible!
The hobgoblin is almost dead.
You kill the hobgoblin!
p - a potion of curing
Found an escape hatch in the ceiling.
A hobgoblin comes into view.
Found a rapier.
A hobgoblin is nearby!
The helpless hobgoblin fails to defend itself.
You hit the hobgoblin.
The hobgoblin is poisoned.
The hobgoblin is heavily wounded.
The hobgoblin closely misses you.
You hit the hobgoblin.
You kill the hobgoblin!
You see here a +0 rapier.
You see here 3 stones.
You see here a frilled lizard corpse.
Items here: ( ))) ÷.
Crazy Yiuf shouts!
Crazy Yiuf glowers.
You open the door. You hit Crazy Yiuf but do no damage.
Crazy Yiuf is poisoned.
You punch Crazy Yiuf.
Crazy Yiuf is lightly wounded.
Crazy Yiuf misses you.
You barely miss Crazy Yiuf. Your punch misses Crazy Yiuf.
Crazy Yiuf is moderately wounded.
Crazy Yiuf hits you with a +4 quarterstaff of chaos!
Crazy Yiuf burns you.
Crazy Yiuf laughs, "Pitchfork disdain mobile!"
Crazy Yiuf attacks as you move away!
Crazy Yiuf hits you with a +4 quarterstaff of chaos!
Ouch! That really hurt!
You die...

#........#
###.>.......
#........#
#.[......#
#####.####
###......# #.#
#......# #.#
#......# #.####♣♣
### #.†....#
#......♣♣ ♣♣#..)#
#......#
##......♣♣♣♣.'...#
#......#
##......♣@g♣#...#
#......#
##....♣.♣♣♣ ###
#.)....# ###♣♣♣♣♣
########


You could see Crazy Yiuf (very poisoned).

Vanquished Creatures
  3 dart slugs
  3 endoplasms
  A giant cockroach (D:1)
  3 goblins
  8 hobgoblins
  A ball python (D:1)
  6 frilled lizards
  5 kobolds
  A rat (D:1)
31 creatures vanquished.

Notes
Turn   | Place    | Note
-------+----------+-------------------------------------------
     0 | D:1      | rvierbuc the Gnoll Wanderer began the quest for the Orb.
     0 | D:1      | rvierbuc set off with the following items: a +0 dagger, a
                  | scroll of fog, a scroll of fear, a +0 robe, a scroll of
                  | teleportation; and the following spell memorised: Sting;
                  | and the following spells available to memorise: Wereblood,
                  | Ignite Poison.
     0 | D:1      | Reached XP level 1. HP: 17/17 MP: 6/6
   290 | D:1      | Reached XP level 2. HP: 19/23 MP: 7/7
  1102 | D:2      | Reached skill level 5 in Spellcasting
  1102 | D:2      | Reached XP level 3. HP: 20/28 MP: 7/9
  1110 | D:2      | Learned a level 2 spell: Wereblood
  1383 | D:2      | Found a runed translucent door.
  1384 | D:2      | Noticed Crazy Yiuf
  1439 | D:2      | Reached skill level 1 in Invocations
  1746 | D:2      | Slain by Crazy Yiuf

Illustrated notes

Levels and vault maps discovered:
D:1:      dpeg_arrival_rooms_with_view, layout_basic, kennysheep_small_spiral,
          minivault_11, minmay_box_of_dots
D:2:      layout_basic, uniq_crazy_yiuf_cottage

Skill      XL: |  1  2  3 |
---------------+----------+-----
Spellcasting   | 5 |  5.0
Invocations    | 1 |  1.0
Fighting       | |  2.6
Short Blades   | |  0.9
Long Blades    | |  0.9
Axes           | |  0.9
Maces & Flails | |  0.9
Polearms       | |  0.9
Staves         | |  0.9
Ranged Weapons | |  0.9
Throwing       | |  0.9
Armour         | |  4.5
Dodging        | |  0.9
Stealth        | |  0.9
Shields        | |  0.9
Unarmed Combat | |  6.5
Conjurations   | |  0.6
Hexes          | |  0.6
Summonings     | |  0.6
Necromancy     | |  0.6
Translocations | |  0.6
Transmutations | |  3.8
Fire Magic     | |  0.6
Ice Magic      | |  0.6
Air Magic      | |  0.6
Earth Magic    | |  0.6
Poison Magic   | |  0.6
Evocations     | |  0.9

Action                     || total
---------------------------++-------
  Melee: Dagger            ||   148
         Bite              ||    16
         Punch             ||     9
         Short sword       ||    12
   Cast: Wereblood         ||     2
         Sting             ||     1
    Use: Scroll            ||     1
         Potion            ||     1
   Stab: Sleeping          ||     2
         Distracted        ||     1
 Armour: Robe              ||    19
  Dodge: Dodged            ||    86
